 Dungeon Crawl Stone Soup version 0.23-a0-650-ga4d50d4 (webtiles) character file.

3 Amnesiac the Digger (level 1, -3/7 HPs)
             Began as a Felid Earth Elementalist on Jan 5, 2019.
             Slain by a goblin (4 damage)
             ... led by Robin
             ... on level 2 of the Dungeon.
             The game lasted 00:01:02 (142 turns).

Amnesiac the Digger (Felid Earth Elementalist)       Turns: 142, Time: 00:01:03

Health: -3/7       AC:  1    Str:  4    XL:     1   Next: 41%
Magic:  1/4        EV: 18    Int: 16    God:
Gold:   12         SH:  0    Dex: 16    Spells: 3/4 levels left
                                        Lives:  0   Deaths: 0

rFire    . . .     SeeInvis +   (weapon unavailable)
rCold    . . .     Gourm    .   (shield unavailable)
rNeg     . . .     Faith    .   (armour unavailable)
rPois    .         Spirit   .   (helmet unavailable)
rElec    .         Reflect  .   (cloak unavailable)
rCorr    .         Harm     .   (gloves unavailable)
MR       .....                  (boots unavailable)
Stlth    +++.......             (no amulet)
HPRegen  0.02/turn              (no ring)
MPRegen  0.09/turn              (no ring)

@: very slightly contaminated, quick
A: very small, no armour, no weapons or thrown items, stealth, claws 1, fangs 3,
see invisible, carnivore, speed 1, shaggy fur 1, slow metabolism 1, sharp paws
a: no special abilities


You were on level 2 of the Dungeon.
You were not hungry.

You visited 1 branch of the dungeon, and saw 2 of its levels.

You collected 12 gold pieces.

Inventory:

Missiles
 b - 28 stones
Comestibles
 c - 2 rations


   Skills:
 - Level 2.6 Dodging
 - Level 2.6 Stealth
 + Level 2.1 Spellcasting
   Level 1.1 Transmutations
 * Level 2.8 Earth Magic


You had 3 spell levels left.
You knew the following spells:

 Your Spells              Type           Power        Failure   Level  Hunger
a - Sandblast             Erth           ##....       6%          1    #......

Your spell library contained the following spells:

 Spells                   Type           Power        Failure   Level  Hunger
 Passwall                 Tmut/Erth      #.......     14%         2    ###....
 Stone Arrow              Conj/Erth      #.....       34%         3    ###....
 Petrify                  Tmut/Erth      #.......     65%         4    #####..
 Lee's Rapid Deconstruct  Erth           ##........   87%         5    ######.


Dungeon Overview and Level Annotations

Branches:
Dungeon (1/15)

Altars:
Fedhas

Annotations:
D:2 Robin


Innate Abilities, Weirdness & Mutations

You cannot wear armour.
You are incapable of wielding weapons or throwing items.
Your paws allow you to move quietly. (Stealth)
You have sharp claws.
You have razor-sharp teeth.
You have supernaturally acute eyesight. (SInv)
You are carnivorous and can eat meat at any time.
You cover ground quickly.
You are covered in fur. (AC +1)
You have a slow metabolism.
Your sharp claws are effective at attacking unaware monsters.


Message History

A hobgoblin comes into view.
The hobgoblin shouts!
You hear a shout!
Found a stone staircase leading up.
A rat, a giant cockroach, a hobgoblin and Robin come into view.
Unknown command.
You hear a shout!
The hobgoblin moves out of view.
The rat moves out of view.
A quokka comes into view.
The hobgoblin hits you.
A bat comes into view.
The giant cockroach completely misses you.
Robin roars a battlecry!
The goblins go into a battle-frenzy!
You hear a shout!
The giant cockroach bites you.
* * * LOW HITPOINT WARNING * * *
Found a blossoming altar of Fedhas.
The bat hits you.
* * * LOW HITPOINT WARNING * * *
Found a scroll labeled WUIPRY NIPUM.
Casting: Sandblast (safe; 7% risk of failure)
Confirm with . or Enter, or press ? or * to list all spells.
Aiming: Sandblast (safe; 7% risk of failure)
Press: ? - help, Shift-Dir - straight line, f - bat
Aim: a bat The blast of sand hits the bat.
You kill the bat!
b - 29 stones Unknown command.
The giant cockroach barely misses you.
You see here a bat corpse.
A hobgoblin opens the door.
Really read
d - a scroll labeled QEADDORRIUSI {!r}?
As you read the scroll labeled QEADDORRIUSI {!r}, it crumbles to dust.
You feel aware of your surroundings.
You sensed 2 altars.
It was a scroll of magic mapping {!r}.
The giant cockroach bites you.
* * * LOW HITPOINT WARNING * * *
Really read
a - a scroll labeled DALAYW KASIRPH {!r}?
As you read the scroll labeled DALAYW KASIRPH {!r}, it crumbles to dust.
It is a scroll of enchant weapon.
You aren't carrying any weapons that can be enchanted.
The giant cockroach misses you.
You aren't carrying any potions.
Casting: Sandblast (safe; 7% risk of failure)
Confirm with . or Enter, or press ? or * to list all spells.
Aiming: Sandblast (safe; 7% risk of failure)
Press: ? - help, Shift-Dir - straight line, f - giant cockroach
Aim: a giant cockroach (clinging)
The blast of sand hits the giant cockroach.
You kill the giant cockroach!
b - 28 stones Unknown command.
Casting: Sandblast (safe; 6% risk of failure)
Confirm with . or Enter, or press ? or * to list all spells.
Aiming: Sandblast (safe; 6% risk of failure)
Press: ? - help, Shift-Dir - straight line, f - hobgoblin
Aim: a hobgoblin, wielding a +0 club (unusually strong)
You miscast Sandblast.
You are very lightly contaminated with residual magic.
Nothing appears to happen.
The hobgoblin no longer looks unusually strong.
The goblin hits you.
Ouch! That really hurt!
You die...

* *,*,#.##..#......#**,*
***,*,.....g#......###,*
,,,,**#..............#,*
,,*,* #.....#g.......#**
,,*,* #.....#g..g....#
,*****########.#'####*
,****8*##8#**#r#g#
,**8,,,8...8##g#g#
,**,,,,.....##s#@#
,*>,,,,....?_#.#g#
,**,,,,.....##..r#
***8,,,8...8##.###
,****8*##8##*#.#
,*******##***#.#
,,,,,,,,,,*,*###
,,,,,,,,,,,,**
**,******,,,,*


You could see a quokka, 3 hobgoblins and a goblin.

Vanquished Creatures
  A bat (D:2)
  A giant cockroach (D:2)
  A frilled lizard (D:1)
3 creatures vanquished.

Notes
Turn   | Place    | Note
-------+----------+-------------------------------------------
     0 | D:1      | Amnesiac the Felid Earth Elementalist began the quest for
                  | the Orb.
     0 | D:1      | Reached XP level 1. HP: 7/7 MP: 4/4
   124 | D:1      | You fall through a shaft!
   125 | D:2      | Noticed Robin
   131 | D:2      | Found a blossoming altar of Fedhas.
   142 | D:2      | Slain by a goblin

Vault maps used:
D:1:      dpeg_arrival_rooms_c, serial_park_tiny_2, minmay_misc_feat_tower,
          minmay_misc_feat_diagonals
D:2:      nicolae_ru_path_of_blood, nicolae_overflow_hidden_temple, tgw_trog,
          uniq_robin

Action                   || total
-------------------------++-------
Melee: Unarmed           ||     2
 Cast: Sandblast         ||     2
  Use: Scroll            ||     2
  Eat: Chunk             ||     1
Dodge: Dodged            ||     5

Table legend:
 A = Non-vault XP
 B = Vault XP
 C = Vault XP percentage of total XP
 D = Non-vault monster count
 E = Vault monster count
 F = Vault count percentage of total count
                 A         B        C        D         E       F
            +---------+---------+-------+---------+---------+-------
      Total |       5 |       0 |   0.0 |       3 |       0 |   0.0
            +---------+---------+-------+---------+---------+-------
        D:1 |       1 |       0 |   0.0 |       1 |       0 |   0.0
        D:2 |       4 |       0 |   0.0 |       2 |       0 |   0.0
            +---------+---------+-------+---------+---------+-------
